 Dungeon Crawl Stone Soup version 0.29-a0-613-gf2c431b9b9 (webtiles) character file.

Game seed: 5633338975193382415

0 Vylera the Shield-Bearer (level 1, 0/15 HPs)
             Began as a Djinni Wanderer on June 17, 2022.
             Constricted to death by a ball python (1 damage)
             ... on level 1 of the Dungeon.
             The game lasted 00:01:04 (53 turns).

Vylera the Shield-Bearer (Djinni Wanderer)            Turns: 53, Time: 00:01:04

Health: 0/15       AC:  3    Str:  9    XL:     1   Next: 11%
Gold:   0          EV:  7    Int: 14    God:
                   SH:  6    Dex: 13

rFire   + + .      SeeInvis .   f - +0 short sword
rCold   x . .      Faith    .   e - +2 buckler
rNeg    . . .      Spirit   .   d - +0 robe
rPois   ∞          Reflect  .   b - +0 helmet
rElec   .          Harm     .   (no cloak)
rCorr   .          Rampage  .   (no gloves)
Will    .....                   (boots unavailable)
Stlth   ++........              (no amulet)
HPRegen 0.05/turn               (no ring)
MPRegen 0.00/turn               (no ring)

@: flying, constricted, studying Unarmed Combat
A: sickness immunity, fire resistance 2, cold vulnerability 1, float, innate
caster, HP casting, extra vitality 1
a: no special abilities


You were on level 1 of the Dungeon.
You visited 1 branch of the dungeon, and saw 2 of its levels.

Inventory:

Hand Weapons
 a - a +0 dagger
 f - a +0 short sword (weapon)
Armour
 b - a +0 helmet (worn)
 d - a +0 robe (worn)
 e - a +2 buckler (worn)
Scrolls
 c - a scroll of blinking


   Skills:
 - Level 1.0 Armour
 - Level 1.0 Stealth
 + Level 3.0 Shields
 + Level 2.4 Spellcasting
 - Level 2.0 Evocations


You couldn't memorise any spells.
You knew the following spells:

 Your Spells              Type           Power      Damage    Failure   Level
a - Summon Small Mammal   Summ           32%        N/A       11%         1
b - Summon Guardian Gole  Hex/Summ       8%         N/A       32%         3

Your spell library contained the following spells:

 Spells                   Type           Power      Damage    Failure   Level


Dungeon Overview and Level Annotations

Branches:
Dungeon (2/15)

Altars:


Innate Abilities, Weirdness & Mutations

You are immune to sickness and miasma.
You are immune to poison.
Your flesh is very heat resistant. (rF++)
You are vulnerable to cold. (rC-)
You float through the air rather than walking.
You learn spells naturally, not from books.
Your magical power is your life essence.
You have superior vitality. (+4 MHP)


Message History

You block the kobold's attack.
You hit the kobold but do no damage.
The kobold is severely wounded.
The kobold closely misses you.
You barely miss the kobold.
The kobold is severely wounded.
The kobold hits you with a +0 short sword.
You hit the kobold.
You kill the kobold!
Things that are here:
a +0 short sword; a kobold corpse
f - a +0 short sword
f - a +0 short sword (weapon)
You see here 18 stones.
You see here a kobold corpse.
There is an escape hatch in the ceiling here.
A mysterious force pulls you upwards. The hatch slams shut behind you.
The ball python hisses angrily.
The goblin shouts!
You hear a shout!
Found a dagger.
There are monsters nearby!
A frilled lizard comes into view.
The ball python bites you.
* * * LOW HITPOINT WARNING * * *
The ball python misses you. The bat barely misses you.
The ball python attacks as you move away!
The ball python bites you.
* * * LOW HITPOINT WARNING * * *
The ball python misses you.
The frilled lizard hisses angrily.
The bat hits you but does no damage. You block the ball python's attack. x2
You see here a +0 dagger.
The ball python attacks as you move away!
You block the ball python's attack.
Unknown command.
You hit the ball python but do no damage.
The ball python closely misses you. You block the ball python's attack.
You barely miss the ball python. The ball python barely misses you.
The ball python grabs you. The ball python constricts you.
You die...

. .. ... #.....
#.....####
#........#
#.....##@#
##.....##S#
.......##b######
..###....gl.......
#........###......
..#.....# ......
#.....# .....
#.....# .....
##w...# ....


You could see a goblin, a bat, a ball python and a frilled lizard.

Vanquished Creatures
  A kobold (D:2)
1 creature vanquished.

Notes
Turn   | Place    | Note
-------+----------+-------------------------------------------
     0 | D:1      | Vylera the Djinni Wanderer began the quest for the Orb.
     0 | D:1      | Vylera set off with the following items: a +0 dagger, a +0
                  | helmet, a scroll of blinking, a +0 robe, a +2 bucklerthe
                  | following spells memorised: Summon Small Mammal, Summon
                  | Guardian Golem.
     0 | D:1      | Reached XP level 1. HP: 15/15 MP: 0/0
     8 | D:1      | You are sucked into a shaft and drop 1 floor!
    53 | D:1      | Constricted to death by a ball python

Illustrated notes

Levels and vault maps discovered:
D:1:      lemuel_arrival_broad_hall, layout_basic, minmay_rat_gold_closets
D:2:      layout_basic, shapermc_ecumenical_altar_mp_highgroup, basic_altar

Action                   || total
-------------------------++-------
Melee: Dagger            ||     5
       Short sword       ||     2
Armor: Robe              ||     1
Dodge: Dodged            ||     6
Block: Buckler           ||     5

Table legend: (Time is in decaauts)
 A = Elapsed time spent in this place.
 B = Non-inter-level travel time spent in this place.
 C = Inter-level travel time spent in this place.
 D = Time resting spent in this place.
 E = Time spent auto-exploring this place.
 F = Levels seen in this place.
 G = Mean time per level.
                   A        B        C        D        E       F      G
               +--------+--------+--------+--------+--------+-----+--------+
         Total |     52 |     52 |      0 |      0 |      5 |   2 |   26.0 |
       Dungeon |     52 |     52 |      0 |      0 |      5 |   2 |   26.0 |
               +--------+--------+--------+--------+--------+-----+--------+

Top non-repeatable levels by time:
     D:2: 37 daAuts
     D:1: 14 daAuts
